 Dungeon Crawl Stone Soup version 0.21-a0 (webtiles) character file.

1849 Lexie the Skirmisher (level 9, -3/64 HPs)
             Began as an Octopode Wizard on May 19, 2017.
             Hit by a tomahawk thrown by an orc warrior (18 damage)
             ... on level 7 of the Dungeon.
             The game lasted 00:22:29 (11688 turns).

Lexie the Skirmisher (Octopode Wizard)             Turns: 11688, Time: 00:22:30

Health: -3/64      AC:  1    Str:  6    XL:     9   Next: 12%
Magic:  5/19       EV: 13    Int: 23    God:
Gold:   259        SH:  0    Dex: 13    Spells: 12/21 levels left

rFire    . . .     SeeInvis .   e - +0 dagger
rCold    . . .     Gourm    .   (no shield)
rNeg     . . .     Faith    .   a - +0 hat
rPois    +         Spirit   .   (no amulet)
rElec    .         Reflect  .   f - +2 ring of dexterity
rCorr    .         Harm     .   m - ring of wizardry
MR       .....                  q - ring of poison resistance
Stlth    +++.......             (no ring)
Regen    0.2/turn               (no ring)
MPRegen  0.2/turn               (no ring)
                                (no ring)
                                (no ring)

@: no status effects
A: almost no armour, stealthy swim, amphibious, 8 rings, constrict 8, camouflage
1, gelatinous body 1
a: no special abilities


You were on level 7 of the Dungeon.
You were not hungry.

You visited 2 branches of the dungeon, and saw 8 of its levels.

You collected 364 gold pieces.
You spent 105 gold pieces at shops.

Inventory:

Hand Weapons
 e - a +0 dagger (weapon)
 A - a +1 dagger of holy wrath
Armour
 a - a +0 hat (worn)
Jewellery
 f - a +2 ring of dexterity (left tentacle)
 m - a ring of wizardry (right tentacle)
 q - a ring of poison resistance (on tentacle)
 B - a +3 ring of dexterity
Wands
 C - a wand of acid (7/15)
Scrolls
 h - 7 scrolls of identify
 i - 8 scrolls of teleportation
 k - a scroll of enchant weapon {unknown}
 o - 2 scrolls of immolation {unknown}
 r - a scroll of amnesia {unknown}
 w - 3 scrolls of remove curse {unknown}
 x - a scroll of fear
 y - 5 scrolls of blinking {unknown}
 z - a scroll of fog {unknown}
Potions
 d - 3 potions of curing {unknown}
 g - 3 potions of might {unknown}
 j - 2 potions of ambrosia {unknown}
 l - a potion of flight {unknown}
 n - a potion of brilliance {unknown}
 p - 3 potions of heal wounds {unknown}
 s - a potion of agility {unknown}
 u - a potion of magic {unknown}
 v - a potion of degeneration {unknown}
 D - a potion of lignification {unknown}
Books
 b - a book of Minor Magic

   Spells                             Type                      Level
   a - Magic Dart                     Conjuration                  1
   b - Blink                          Translocation                2
   c - Call Imp                       Summoning                    2
   d - Slow                           Hexes                        2
   e - Conjure Flame                  Conjuration/Fire             3
   f - Mephitic Cloud                 Conjuration/Poison/Air       3
Comestibles
 c - 4 bread rations
 t - 4 royal jellies
 E - 2 meat rations


   Skills:
 * Level 7.1 Fighting
 - Level 2.0 Dodging
 - Level 2.6 Stealth
 + Level 6.7 Spellcasting
 + Level 6.1 Conjurations
   Level 1.0 Summonings
 - Level 1.0 Translocations


You had 12 spell levels left.
You knew the following spells:

 Your Spells              Type           Power        Failure   Level  Hunger
a - Magic Dart            Conj           ####         1%          1    None
b - Blink                 Tloc           N/A          3%          2    None
c - Conjure Flame         Conj/Fire      ###.....     2%          3    None
d - Mephitic Cloud        Conj/Pois/Air  ###.....     4%          3    None


Dungeon Overview and Level Annotations

Branches:
Dungeon (7/15)             Temple (1/1) D:4

Altars:
Ashenzari
Cheibriados
Dithmenos
Elyvilon
Fedhas
Gozag
Kikubaaqudgha
Makhleb
Nemelex Xobeh
Okawaru
Qazlal
Ru
Sif Muna
Trog
Uskayaw
Wu Jian
Yredelemnul
Zin
The Shining One

Shops:
D:4 *   D:5 [

Annotations:
D:3 sour's ghost, amateur BaFi


Innate Abilities, Weirdness & Mutations

You cannot wear most types of armour.
You are very stealthy in the water. (Stealth+)
You are amphibious.
You can wear up to eight rings at the same time.
You can use your tentacles to constrict eight enemies at once.
Your skin changes colour to match your surroundings (Stealth+).
Your rubbery body absorbs attacks. (AC +1, EV +1)


Message History

You hear a shout!
The orc priest is engulfed in noxious fumes.
The orc priest appears confused.
You kill the orc priest!
Casting: Mephitic Cloud
Confirm with . or Enter, or press ? or * to list all spells.
You can't see any susceptible monsters within range! (Use Z to cast anyway.)
Casting: Mephitic Cloud
Confirm with . or Enter, or press ? or * to list all spells.
Aiming: Magic Dart
Press: ? - help, Shift-Dir - straight line, f - orc warrior
Aim: an orc warrior, wielding a hand axe and wearing a chain mail The magic dart hits the orc warrior.
The orc warrior is lightly wounded.
The orc warrior throws a tomahawk.
The tomahawk hits you!!
The orc warrior throws a tomahawk.
The tomahawk hits you!!
* * * LOW HITPOINT WARNING * * *
You see here a tomahawk.
The orc warrior throws a tomahawk.
The tomahawk hits you!!
You die...

#.# #.##.# #.# #.#
..# #.##.###
#.#####.# ###
#.##...# #.......#
#.####.## ####.####
#.###...##### #.# ##
#)>.........# #.# .#
#..##...###.# #.#
.#####..###......#
#.#
........########@#
#.## .####.......#
#(# #..# .# ##..###.#
#(# ######.# ## #..#
#§# #....#.# #..#
####§####.##.#.######
#### #...
...o......##.........
...#######
####.###.......######
....## #.# #.#######
.....##### #.# #.#


You could see an orc warrior.

Vanquished Creatures
  The ghost of freekh the Chiller, an amateur MfIE (D:4)
  A hippogriff (D:7)
  3 centaurs
  2 ogres (D:7)
  A bullfrog (D:6)
  A scorpion (D:5)
  A hound (D:5)
  5 orc priests
  10 orc wizards
  Natasha (thrice) (D:2 D:1)
  3 worker ants
  Robin (D:2)
  7 gnolls
  12 adders
  A shadow imp (D:4)
  An ooze (D:2)
  An adder skeleton (D:4)
  5 worms
  2 dart slugs
  2 leopard geckos
  27 orcs
  A ball python (D:4)
  7 bats
  7 giant cockroaches
  8 goblins
  4 hobgoblins
  26 jackals
  10 kobolds
  2 quokkas
  4 frilled lizards
  A quokka skeleton (D:6)
  11 rats
  A spectral orc (D:5)
172 creatures vanquished.

Vanquished Creatures (others)
  2 plants (D:5)
2 creatures vanquished.

Grand Total: 174 creatures vanquished

Notes
Turn   | Place    | Note
-------+----------+-------------------------------------------
     0 | D:1      | Lexie the Octopode Wizard began the quest for the Orb.
     0 | D:1      | Reached XP level 1. HP: 11/11 MP: 4/4
   574 | D:1      | Reached XP level 2. HP: 17/17 MP: 3/6
  1460 | D:2      | Reached XP level 3. HP: 15/21 MP: 0/8
  1464 | D:2      | Learned a level 2 spell: Blink
  1468 | D:2      | Learned a level 3 spell: Conjure Flame
  1472 | D:2      | Learned a level 3 spell: Mephitic Cloud
  1995 | D:2      | Noticed Natasha
  2003 | D:2      | Killed Natasha
  2003 | D:2      | Reached XP level 4. HP: 17/27 MP: 2/9
  2025 | D:2      | Noticed Natasha
  2031 | D:2      | Killed Natasha
  2057 | D:2      | Noticed Robin
  2139 | D:2      | Noticed Natasha
  2153 | D:2      | HP: 1/27 [Natasha (1)]
  2964 | D:2      | Reached XP level 5. HP: 31/31 MP: 8/11
  3017 | D:1      | Killed Natasha
  3102 | D:2      | Killed Robin
  3654 | D:3      | Found a faded altar of an unknown god.
  3759 | D:3      | Noticed sour's ghost (amateur BaFi)
  4476 | D:2      | Reached skill level 1 in Fighting
  4639 | D:4      | Found a sacrificial altar of Ru.
  4650 | D:4      | Found a glowing golden altar of the Shining One.
  4650 | D:4      | Found a shadowy altar of Dithmenos.
  4651 | D:4      | Found a hide-covered altar of Uskayaw.
  4823 | D:4      | Reached XP level 6. HP: 38/38 MP: 6/12
  5240 | D:4      | Found Laniluum's General Store.
  5249 | D:4      | Bought a scroll of teleportation for 30 gold pieces
  5249 | D:4      | Bought a scroll of identify for 20 gold pieces
  5249 | D:4      | Bought a scroll of identify for 20 gold pieces
  5249 | D:4      | Bought a scroll of fear for 35 gold pieces
  5265 | D:4      | Noticed a phantom
  5788 | D:4      | Reached skill level 2 in Fighting
  6241 | D:4      | Noticed freekh's ghost (amateur MfIE)
  6246 | D:4      | Reached skill level 5 in Spellcasting
  6440 | D:4      | Found a deep blue altar of Sif Muna.
  6760 | D:4      | Reached XP level 7. HP: 34/45 MP: 3/14
  6766 | D:4      | Reached skill level 3 in Fighting
  7046 | D:4      | Killed freekh's ghost
  7046 | D:4      | Reached skill level 4 in Fighting
  7398 | D:4      | Found a staircase to the Ecumenical Temple.
  7408 | Temple   | Entered the Ecumenical Temple
  7890 | D:5      | Entered Level 5 of the Dungeon
  8129 | D:5      | Found a shattered altar of Ashenzari.
  8134 | D:5      | Saw a vision of the Swamp and the Snake Pit.
  8134 | D:5      | Noticed a salamander
  8134 | D:5      | Noticed a salamander
  8134 | D:5      | Noticed a naga
  8134 | D:5      | Noticed a guardian serpent
  8134 | D:5      | Noticed a black mamba
  8134 | D:5      | Noticed a mana viper
  8134 | D:5      | Noticed a shock serpent
  8134 | D:5      | Noticed a naga sharpshooter
  8135 | D:5      | Noticed a salamander
  8135 | D:5      | Noticed a naga ritualist
  8136 | D:5      | Noticed a naga warrior
  8136 | D:5      | Noticed a naga
  8146 | D:5      | Reached XP level 8. HP: 54/54 MP: 10/16
  8213 | D:5      | Reached skill level 5 in Conjurations
  8731 | D:5      | Reached skill level 5 in Fighting
  8733 | D:5      | Found Edghuank's Antique Armour Boutique.
  9194 | D:5      | Found a basalt altar of Yredelemnul.
  9897 | D:6      | Found a burning altar of Makhleb.
 10145 | D:6      | Found a bloodstained altar of Trog.
 10147 | D:6      | Found a stormy altar of Qazlal.
 10306 | D:7      | Reached skill level 6 in Fighting
 11353 | D:7      | Noticed a hippogriff
 11428 | D:7      | Killed a hippogriff
 11428 | D:7      | Reached skill level 7 in Fighting
 11428 | D:7      | Reached XP level 9. HP: 33/64 MP: 0/19
 11688 | D:7      | Hit by a tomahawk thrown by an orc warrior

Vault maps used:
D:1:      minmay_arrival_loop
D:2:      uniq_robin, uniq_natasha
D:3:      chequers_ecumenical_altar_lobes, first_bread
D:4:      chequers_temple_overflow_statue_of_worship, kennysheep_little_box,
          minmay_temple_entry_glassed_door, serial_shops, shop
D:5:      yredelemnul_forgotten_temple_becter, serial_shops,
          nicolae_shop_overgrown_old_shop, grunt_ashenzari_visionary
D:6:      nicolae_overflow_hidden_temple
D:7:      uniq_crazy_yiuf_cottage
Temple:   chequers_temple_sunken

Skill      XL: |  1  2  3  4  5  6  7  8 |
---------------+-------------------------+-----
Conjurations   | 2 3 4 6 |  6.1
Spellcasting   | 4 5 6 |  6.7
Fighting       | 1 2 4 7 |  7.1
Dodging        | |  2.0
Stealth        | |  2.6
Summonings     | |  1.0
Translocations | |  1.0

Action                   |  1- 3 |  4- 6 |  7- 9 || total
-------------------------+-------+-------+-------++-------
Melee: Dagger            |    16 |    89 |   118 ||   223
       Constrict         |     4 |    23 |    24 ||    51
       Tentacles         |     3 |    13 |    19 ||    35
 Cast: Magic Dart        |    67 |   220 |   161 ||   448
       Mephitic Cloud    |     3 |    20 |    30 ||    53
       Conjure Flame     |       |     6 |     2 ||     8
 Stab: Confused          |     1 |     7 |     9 ||    17
       Sleeping          |       |       |     1 ||     1
  Eat: Chunk             |     3 |    16 |    16 ||    35
Armor: Skin              |       |    17 |     2 ||    19
Dodge: Dodged            |    15 |   110 |    55 ||   180
